AoeStats
← Basado Basadez

Nomad

508941628Analyzed
3v3 RM · 6d ago on Sep 24, 2026· 48m 5s· 6 players
Game mode
Random Map
Map size
210×210
Population
200
Speed
Normal
Resources
Standard
Victory
Conquest
Starting age
Dark Age
Ending age
Imperial Age
RankedLock teamsTeams togetherTeam positionsShared explorationLock speedFull tech treeHidden civsTurbo modeCheats
Victory
Defeat
🇪🇸 Teutons · Spain
1094
+15
🇬🇧 Cumans · United Kingdom
1093
+16
🇪🇸 Huns · Spain
1092
+16
🇦🇹 Varangians · Austria
1105
-16
🇦🇹 Britons · Austria
1082
-16
🇫🇷 Huns · France
1080
-15
Kayou
12:58 Feudal Age
12:36 Loom
15:31 Double-Bit Axe
15:48 Double-Bit Axe
19:34 Castle Age
17:57 Fletching
19:18 Bloodlines
19:40 Padded Archer Armor
21:12 Bodkin Arrow
25:08 Gold Mining
26:55 Husbandry
30:52 Bow Saw
30:44 Town Watch
31:11 Horse Collar
32:24 Leather Archer Armor
32:55 Ballistics
34:36 Wheelbarrow
41:39 Thumb Ring
46:16 Imperial Age
48:22 Imperial Age
HOOLA | Gittlerella
7:33 Loom
18:00 Feudal Age
22:03 Fletching
30:51 Castle Age
32:27 Horse Collar
34:23 Crossbowman
35:02 Bodkin Arrow
35:52 Double-Bit Axe
37:03 Heavy Plow
38:02 Padded Archer Armor
38:41 Bow Saw
42:48 Ballistics
42:57 Leather Archer Armor
47:43 Gold Mining
HOOLA | Thorfast
6:18 Loom
14:47 Feudal Age
13:46 Loom
15:56 Town Watch
18:44 Castle Age
17:02 Loom
26:07 Double-Bit Axe
29:15 Bow Saw
28:48 Horse Collar
29:19 Scale Barding Armor
29:24 Forging
40:50 Wheelbarrow
42:08 Hand Cart
Basado Basadez
15:23 Feudal Age
24:20 Castle Age
22:33 Loom
23:31 Stone Mining
23:29 Double-Bit Axe
23:27 Horse Collar
24:49 Scale Barding Armor
24:55 Forging
26:48 Chain Barding Armor
28:55 Town Watch
29:48 Wheelbarrow
29:48 Bloodlines
33:21 Bow Saw
33:33 Steppe Husbandry
34:18 Iron Casting
33:58 Heavy Plow
38:12 Imperial Age
37:05 Hand Cart
39:21 Conscription
39:51 Plate Barding Armor
39:33 Elite Steppe Lancer
41:39 Blast Furnace
41:10 Town Patrol
42:36 Fletching
Goroez
7:08 Loom
15:04 Feudal Age
16:24 Town Watch
17:27 Bloodlines
17:31 Scale Barding Armor
17:36 Forging
17:25 Double-Bit Axe
22:43 Castle Age
24:39 Wheelbarrow
24:29 Husbandry
24:30 Horse Collar
27:04 Iron Casting
28:38 Chain Barding Armor
31:58 Hand Cart
32:32 Fletching
36:37 Heavy Plow
37:47 Bow Saw
38:40 Thumb Ring
39:33 Ballistics
39:16 Padded Archer Armor
39:45 Bodkin Arrow
41:19 Murder Holes
41:43 Leather Archer Armor
47:47 Imperial Age
47:11 Town Patrol
47:56 Cavalier
The Bear Jew
9:43 Loom
14:34 Feudal Age
15:16 Double-Bit Axe
20:17 Castle Age
19:04 Stone Mining
19:32 Horse Collar
20:54 Gold Mining
21:50 Fletching
23:37 Bodkin Arrow
25:28 Bow Saw
27:49 Scale Barding Armor
28:33 Town Watch
31:34 Wheelbarrow
31:28 Heavy Plow
46:03 Imperial Age
44:26 Hand Cart
44:13 Fishing Lines
Connection lost

Rejoining the realm…

Still unreachable

The connection could not be restored.

Session expired

The server has moved on; the page needs a fresh start.